 Dungeon Crawl Stone Soup version 0.26-a0-639-g72c4674329 (webtiles) character file.

Game seed: 1567437954459583459

3530 Borgoz the Grappler (level 10, -1/88 HPs)
             Began as a Ghoul Gladiator on Sept 20, 2020.
             Was a Believer of Okawaru.
             Slain by a hippogriff (4 damage)
             ... on level 8 of the Dungeon.
             The game lasted 00:11:24 (9528 turns).

Borgoz the Grappler (Ghoul Gladiator)               Turns: 9528, Time: 00:11:25

Health: -1/88      AC:  7    Str: 20    XL:     10   Next: 8%
Magic:  9/9        EV: 15    Int:  4    God:    Okawaru [**....]
Gold:   411        SH:  0    Dex: 11    Spells: 9/9 levels left

rFire    + + .     SeeInvis .     - Unarmed
rCold    + + .     Faith    .   (no shield)
rNeg     + + +     Spirit   .   A - +0 steam dragon scales
rPois    ∞         Reflect  .   b - +0 helmet
rElec    .         Harm     .   C - scarf {rC+ rF+}
rCorr    .         Rampage  .   (no gloves)
MR       .....                  (no boots)
Stlth    ++........             (no amulet)
HPRegen  0.00/turn              p - ring of protection from fire
MPRegen  0.11/turn              (no ring)

@: about to teleport
A: rotting body, claws 1, cold resistance 1, negative energy resistance 3,
inhibited regeneration, torment resistance, unbreathing
a: Heroism, Renounce Religion


You were on level 8 of the Dungeon.
You worshipped Okawaru.
Okawaru was pleased with you.
You visited 1 branch of the dungeon, and saw 8 of its levels.

You collected 441 gold pieces.
You spent 30 gold pieces at shops.

Inventory:

Missiles
 c - a throwing net (quivered)
Armour
 b - a +0 helmet (worn)
 A - +0 steam dragon scales (worn)
 C - a scarf of resistance (worn)
Jewellery
 p - a ring of protection from fire (left claw)
Wands
 a - a wand of paralysis (5)
 s - a wand of disintegration (10)
 w - a wand of enslavement (4)
 z - a wand of flame (10)
Scrolls
 f - 2 scrolls of remove curse {unknown}
 j - a scroll of amnesia {unknown}
 k - a scroll of magic mapping {unknown}
 q - a scroll of enchant armour {unknown}
 r - a scroll of enchant weapon {unknown}
 t - a scroll of immolation {unknown}
 v - 3 scrolls of teleportation
 y - a scroll of noise {unknown}
 B - a scroll of random uselessness {unknown}
Potions
 d - 2 potions of haste
 e - 2 potions of stabbing
 h - 2 potions of might
 i - a potion of brilliance
 l - a potion of resistance
 x - a potion of cancellation


   Skills:
 * Level 7.7 Fighting
 - Level 1.7 Throwing
 * Level 6.0 Armour
 * Level 6.8 Dodging
 + Level 4.0 Stealth
 * Level 8.2 Unarmed Combat


You had 9 spell levels left.
You didn't know any spells.
Your spell library contained the following spells:

 Spells                   Type           Power        Failure   Level
 Magic Dart               Conj           #...         50%         1
 Blink                    Tloc           N/A          65%         2
 Call Imp                 Summ           #.......     65%         2
 Slow                     Hex            #.......     65%         2
 Conjure Flame            Conj/Fire      #.......     86%         3
 Mephitic Cloud           Conj/Pois/Air  #.......     86%         3


Dungeon Overview and Level Annotations

Branches:
Dungeon (8/15)             Temple (0/1) D:6
   Lair: D:8-11

Altars:
Ashenzari
Dithmenos
Fedhas
Gozag
Kikubaaqudgha
Okawaru
Trog
Wu Jian

Shops:
D:4 *   D:8 =

Annotations:
D:8 2 transporters, Prince Ribbit; jt's ghost, novice HOMo


Innate Abilities, Weirdness & Mutations

Your body is rotting away.
You thrive by killing the living.
You are immune to poison.
You have sharp fingernails.
Your flesh is cold resistant. (rC+)
You are immune to negative energy. (rN+++)
You do not regenerate when monsters are visible.
You are immune to unholy pain and torment.
You can survive without breathing.


Message History

* * * LOW HITPOINT WARNING * * *
The hippogriff barely misses you. x2; The kobold barely misses you.
The kobold hits you but does no damage. The elephant misses you.
The elephant trunk-slaps you.
* * * LOW HITPOINT WARNING * * *
The kobold hits you but does no damage.
You feel better.
The hippogriff bites you but does no damage.
The hippogriff closely misses you. The hippogriff claws you.
* * * LOW HITPOINT WARNING * * *
The kobold hits you but does no damage. x2; The elephant tramples you!
* * * LOW HITPOINT WARNING * * *
You hold your ground!
The elephant closely misses you. The kobold closely misses you.
Prince Ribbit blinks!
Okay, then.
Okay, then.
You barely miss the elephant.
The elephant is heavily wounded.
The hippogriff closely misses you. The hippogriff pecks you.
You die...

#. #. #.
.#######.
.........
#K..§....
#KK...... ###
### #@H......
...
....###YK#.....
##.
.........###.#)
#####..(.....#
#.F##.#..## #
#..# #.##..# ##
...# #.# #.§.
.# .### #.# ##.
... #. ....
#####.####
....#.


You could see an elephant, a hippogriff, Prince Ribbit and 4 kobolds.

Vanquished Creatures
  Maggie (D:7)
  A hornet (D:7)
  Sigmund (D:3)
  An orc warrior (D:7)
  3 black bears
  A sky beast (D:6)
  2 ogres (D:5)
  2 phantoms
  2 centaurs
  A big kobold (D:8)
  3 bullfrogs
  A water moccasin zombie (D:5)
  A scorpion (D:6)
  8 wights
  An electric eel (D:6)
  4 hounds
  3 orc priests
  2 jellies (D:7)
  Crazy Yiuf (D:2)
  Ijyb (D:4)
  4 iguanas
  4 orc wizards
  6 worker ants
  A hound zombie (D:8)
  4 hound skeletons
  A howler monkey zombie (D:5)
  13 gnolls
  A howler monkey skeleton (D:8)
  15 adders
  A shadow imp (D:6)
  A white imp (D:6)
  2 ufetubi
  3 oozes
  3 worms
  2 dart slugs (D:2)
  10 leopard geckos
  35 orcs
  5 bats
  4 giant cockroaches
  11 goblins
  5 hobgoblins
  10 jackals
  4 quokkas
  A ball python (D:4)
  6 frilled lizards
  11 kobolds
  A leopard gecko skeleton (D:4)
  11 rats
215 creatures vanquished.

Vanquished Creatures (others)
  6 plants (D:8)
6 creatures vanquished.

Grand Total: 221 creatures vanquished

Notes
Turn   | Place    | Note
-------+----------+-------------------------------------------
     0 | D:1      | Borgoz the Ghoul Gladiator began the quest for the Orb.
     0 | D:1      | Reached XP level 1. HP: 17/17 MP: 0/0
    20 | D:1      | Reached XP level 2. HP: 6/25 MP: 1/1
   482 | D:1      | Reached skill level 1 in Armour
   482 | D:1      | Reached XP level 3. HP: 30/30 MP: 2/2
  1161 | D:2      | Reached XP level 4. HP: 37/37 MP: 3/3
  1198 | D:2      | Reached skill level 4 in Unarmed Combat
  1535 | D:2      | Reached XP level 5. HP: 42/45 MP: 4/4
  1971 | D:2      | Found a runed translucent door.
  1972 | D:2      | Noticed Crazy Yiuf
  2064 | D:2      | Killed Crazy Yiuf
  2303 | D:3      | Noticed a moth of wrath
  2305 | D:3      | Noticed Sigmund
  2306 | D:3      | Found a bloodstained altar of Trog.
  2340 | D:3      | Killed Sigmund
  2340 | D:3      | Reached XP level 6. HP: 22/52 MP: 5/5
  3365 | D:4      | Found an ornate altar of the Wu Jian Council.
  3407 | D:4      | Found Neohoget's General Store.
  3412 | D:4      | Bought a scroll of teleportation for 30 gold pieces
  3446 | D:4      | Noticed a phantom
  3503 | D:4      | Killed a phantom
  3503 | D:4      | Reached skill level 5 in Unarmed Combat
  3503 | D:4      | Reached XP level 7. HP: 7/60 MP: 6/6
  3824 | D:4      | Noticed Ijyb
  3836 | D:4      | Killed Ijyb
  4234 | D:4      | Reached skill level 5 in Fighting
  4682 | D:5      | Entered Level 5 of the Dungeon
  4700 | D:4      | Reached XP level 8. HP: 36/68 MP: 7/7
  4930 | D:5      | Reached skill level 5 in Dodging
  4930 | D:5      | Reached skill level 6 in Unarmed Combat
  5215 | D:5      | Got a twisted leather armour
  5226 | D:5      | Identified the +1 leather armour of Teinivirgh {+Fly Int+8
                  | Dex-2 Stlth+} (You found it on level 5 of the Dungeon)
  5263 | D:5      | Reached skill level 1 in Stealth
  5436 | D:5      | Found a shadowy altar of Dithmenos.
  5479 | D:5      | Found an ancient bone altar of Kikubaaqudgha.
  6028 | D:5      | Found an opulent altar of Gozag.
  6318 | D:6      | Found an iron altar of Okawaru.
  6335 | D:6      | Became a worshipper of Warmaster Okawaru
  6406 | D:6      | Reached XP level 9. HP: 75/75 MP: 8/8
  6459 | D:6      | Found a faded altar of an unknown god.
  6459 | D:6      | Found a staircase to the Ecumenical Temple.
  6549 | D:6      | Reached skill level 7 in Unarmed Combat
  6563 | D:6      | Reached skill level 5 in Armour
  7472 | D:7      | Noticed a hornet
  7486 | D:7      | Killed a hornet
  7486 | D:7      | Reached * piety under Okawaru
  7834 | D:7      | Found a shattered altar of Ashenzari.
  8026 | D:7      | Noticed Maggie
  8043 | D:7      | Killed Maggie
  8043 | D:7      | Reached ** piety under Okawaru
  8045 | D:7      | Got a faintly glowing glass ring
  8869 | D:7      | Reached skill level 8 in Unarmed Combat
  8919 | D:7      | Reached XP level 10. HP: 66/86 MP: 9/9
  9191 | D:8      | Found Luzec's Jewellery Emporium.
  9314 | D:8      | Identified the ring "Waxel" {+Fly rElec rN+ Int-3} (You
                  | found it on level 7 of the Dungeon)
  9402 | D:8      | Found a transporter.
  9408 | D:8      | Found a transporter.
  9410 | D:8      | Identified the ring of Joy {+Fly rC+}
  9411 | D:8      | Noticed jt's ghost (novice HOMo)
  9442 | D:8      | Found a blossoming altar of Fedhas.
  9491 | D:8      | Noticed Prince Ribbit
  9501 | D:8      | Noticed an elephant
  9527 | D:8      | HP: 3/88 [elephant (10)]
  9528 | D:8      | Slain by a hippogriff

Illustrated notes

Levels and vault maps discovered:
D:1:      psy_arrival_basics, layout_loops_ring
D:2:      layout_loops_ring, roderic_roman_lattice, minivault_14,
          uniq_crazy_yiuf_cottage
D:3:      layout_basic, tgw_trog, uniq_sigmund
D:4:      layout_basic, old_standard_altar, serial_shops, shop,
          minmay_tree_intersection, kennysheep_generic_room_5, uniq_ijyb
D:5:      layout_loops_ring, grunt_dithmenos_smoke,
          nicolae_gozag_cash_rules_everything_around_me, basic_altar
D:6:      layout_loops_cross, overflow_temple_1_default,
          nicolae_temple_entry_ecumenical, minivault_4
D:7:      layout_loops_ring, nicolae_overflow_crystal_walls, uniq_maggie
D:8:      layout_rooms, david_lair_generic, serial_shops, shop, basic_altar,
          gammafunk_ghost_gnarly_gnolls, uniq_prince_ribbit1

Skill      XL: |  1  2  3  4  5  6  7  8  9 10 |
---------------+-------------------------------+-----
Armour         | 1 2 3 4 5 6 |  6.0
Dodging        | 3 4 5 6 |  6.8
Fighting       | 3 4 5 6 7 |  7.7
Unarmed Combat | 4 5 6 8 |  8.2
Stealth        | 2 3 4 |  4.0
Throwing       | |  1.7

Action                   |  1- 3 |  4- 6 |  7- 9 | 10-12 || total
-------------------------+-------+-------+-------+-------++-------
Melee: Unarmed           |    78 |   276 |   558 |    87 ||   999
       Punch             |       |     5 |    17 |     6 ||    28
Throw: Throwing net      |       |       |     3 |       ||     3
Invok: Heroism           |       |       |       |     1 ||     1
Evoke: Wand              |       |     3 |       |       ||     3
  Use: Potion            |       |       |     4 |     4 ||     8
       Scroll            |       |       |     7 |     2 ||     9
 Stab: Paralysed         |       |     4 |       |       ||     4
       Held in net/web   |       |       |     1 |       ||     1
       Sleeping          |       |       |     3 |       ||     3
Armor: Leather armour    |    13 |       |       |       ||    13
       Ring mail         |     1 |    82 |   161 |       ||   244
       Steam dragon scal |       |       |     8 |    49 ||    57
Dodge: Dodged            |    48 |   144 |   322 |   164 ||   678
Block: Other             |       |    40 |   115 |       ||   155

Table legend: (Time is in decaauts)
 A = Elapsed time spent in this place.
 B = Non-inter-level travel time spent in this place.
 C = Inter-level travel time spent in this place.
 D = Time resting spent in this place.
 E = Time spent auto-exploring this place.
 F = Levels seen in this place.
 G = Mean time per level.
                   A        B        C        D        E       F      G
               +--------+--------+--------+--------+--------+-----+--------+
         Total |   9416 |   9175 |    241 |   1159 |   6315 |   8 | 1177.0 |
       Dungeon |   9416 |   9175 |    241 |   1159 |   6315 |   8 | 1177.0 |
               +--------+--------+--------+--------+--------+-----+--------+

Top non-repeatable levels by time:
     D:7: 1898 daAuts
     D:4: 1494 daAuts
     D:5: 1343 daAuts
     D:3: 1247 daAuts
     D:1: 1074 daAuts
     D:6: 1022 daAuts
     D:2: 1001 daAuts
     D:8: 334 daAuts
